 Dungeon Crawl Stone Soup version 0.29-a0-517-gbdf32494f2 (webtiles) character file.

Game seed: 1412425205483945208

273 purpskrrrp the Cudgeller (level 6, -6/52 HPs)
             Began as a Draconian Berserker on May 30, 2022.
             Was a Believer of Trog.
             Mangled by an iguana (10 damage)
             ... on level 5 of the Dungeon.
             The game lasted 00:13:58 (2979 turns).

purpskrrrp the Cudgeller (Draconian Berserker)      Turns: 2979, Time: 00:13:58

Health: -6/52      AC:  6    Str: 28    XL:     6   Next: 2%
Magic:  6/6        EV: 12    Int:  7    God:    Trog [**....]
Gold:   105        SH:  0    Dex: 10    Spells: 5/5 levels left

rFire   . . .      SeeInvis .   a - +1 mace (vorpal)
rCold   . . .      Faith    .   (no shield)
rNeg    . . .      Spirit   .   (body armour unavailable)
rPois   .          Reflect  .   (helmet restricted)
rElec   .          Harm     .   (no cloak)
rCorr   .          Rampage  .   (no gloves)
Will    .....                   (no boots)
Stlth   +.........              (no amulet)
HPRegen 0.17/turn               h - +6 ring of strength
MPRegen 0.10/turn               (no ring)

@: on berserk cooldown, slowed, very slow
A: AC +6, unfitting armour, cold-blooded
a: Renounce Religion, Berserk, Trog's Hand


You were on level 5 of the Dungeon.
You worshipped Trog.
Trog was pleased with you.
You visited 1 branch of the dungeon, and saw 5 of its levels.

You collected 105 gold pieces.

Inventory:

Hand Weapons
 a - a +1 vorpal mace (weapon)
 g - a +0 flail
Missiles
 b - 5 poisoned darts (quivered)
 i - 3 atropa-tipped darts
Armour
 e - a +0 scale mail
 f - a +2 animal skin
Jewellery
 h - a +6 ring of strength (left hand)
Scrolls
 d - 2 scrolls of immolation
Potions
 c - a potion of curing
 k - a potion of might
 l - a potion of lignification {unknown}
 m - a potion of heal wounds {unknown}


   Skills:
 + Level 4.0 Fighting
 + Level 5.4 Maces & Flails
 + Level 1.0 Throwing
 + Level 3.6 Dodging
 + Level 1.1 Stealth


You had 5 spell levels left.
You didn't know any spells.
Your spell library contained the following spells:

 Spells                   Type           Power      Damage    Failure   Level
 Ignite Poison            Fire/Tmut/Pois 0%         N/A       80%         3
 Mephitic Cloud           Conj/Pois/Air  0%         N/A       80%         3
 Freezing Cloud           Conj/Ice/Air   0%         6-21      100%        5


Dungeon Overview and Level Annotations

Branches:
Dungeon (6/15)
 Temple: D:4-7

Altars:
Kikubaaqudgha
Nemelex Xobeh
Sif Muna


Innate Abilities, Weirdness & Mutations

Your plain brown scales are hard. (AC +6)
You cannot fit into any form of body armour.
You are cold-blooded and may be slowed by cold attacks.


Message History

You kill the steam dragon!
Trog accepts your kill.
Your Fighting skill increases to level 4!
Your Maces & Flails skill increases to level 5!
Your Throwing skill increases to level 1!
Your Stealth skill increases to level 1!
You have reached level 6!
Your scales feel tougher.
You are no longer berserk.
You are exhausted.
You feel yourself slow down.
You sock the ogre!
The ogre is heavily wounded.
The ogre hits you with a +0 giant club!!
* * * LOW HITPOINT WARNING * * *
The hound bites you but does no damage.
An iguana comes into view.
You hit the ogre but do no damage.
The ogre is heavily wounded.
The hound barely misses you. The ogre hits you but does no damage.
The hound bites you.
* * * LOW HITPOINT WARNING * * *
You hit the ogre. You tail-slap the ogre.
The ogre is heavily wounded.
The hound closely misses you. The hound barely misses you.
The ogre barely misses you. The hound bites you but does no damage.
You closely miss the ogre.
The ogre is heavily wounded.
The hound barely misses you. The ogre closely misses you. The hound bites you.
* * * LOW HITPOINT WARNING * * *
You hit the ogre. You tail-slap the ogre.
The ogre is almost dead.
The hound bites you but does no damage. The ogre misses you.
The hound barely misses you. x2; The ogre barely misses you.
You barely miss the ogre.
The ogre is almost dead.
The hound bites you.
* * * LOW HITPOINT WARNING * * *
The iguana bites you!
You die...

#.........#
#.#.#
#..####.#.#
#.#.## #.#.#
#.....
###.#.#
###..#
#...#.# #..#
#.###.# #..#
#.# #.# #..#
#.###.###.#
#..#
#..O@h....#
...#
#####l##.....
#.# #.# ....
. #.# ...
####. #.# ...
.... #.##. ..
..# #.##. ...
#.# #.. h.
....###.## .
#.......


You could see an ogre, an iguana and a hound.

Vanquished Creatures
  A steam dragon (D:5)
  A hound (D:5)
  Robin (D:2)
  3 gnolls (D:6)
  An adder (D:5)
  A worm (D:2)
  A dart slug (D:2)
  A ball python (D:1)
  3 bats (D:1)
  5 endoplasms
  3 giant cockroaches
  17 goblins
  5 hobgoblins
  A jackal (D:2)
  3 kobolds
  2 quokkas (D:1)
  4 frilled lizards
  2 rats
55 creatures vanquished.

Notes
Turn   | Place    | Note
-------+----------+-------------------------------------------
     0 | D:1      | purpskrrrp the Draconian Berserker began the quest for the
                  | Orb.
     0 | D:1      | Reached XP level 1. HP: 19/19 MP: 1/1
   269 | D:1      | Found a faded altar of an unknown god.
   352 | D:1      | Reached XP level 2. HP: 14/26 MP: 2/2
  1265 | D:2      | Reached XP level 3. HP: 24/31 MP: 3/3
  1284 | D:1      | Reached ** piety under Trog
  1547 | D:2      | Noticed Robin
  1829 | D:2      | Killed Robin
  2035 | D:2      | Found a shimmering blue altar of Sif Muna.
  2184 | D:2      | Reached skill level 4 in Maces & Flails
  2317 | D:2      | Reached XP level 4. HP: 37/40 MP: 4/4
  2505 | D:3      | Found an ancient bone altar of Kikubaaqudgha.
  2510 | D:3      | You fall into a shaft and drop 3 floors!
  2734 | D:5      | Entered Level 5 of the Dungeon
  2827 | D:5      | Found a sparkling altar of Nemelex Xobeh.
  2846 | D:5      | Reached XP level 5. HP: 36/46 MP: 5/5
  2965 | D:5      | Noticed a steam dragon
  2970 | D:5      | Noticed an ogre
  2972 | D:5      | Killed a steam dragon
  2973 | D:5      | Reached skill level 5 in Maces & Flails
  2973 | D:5      | Reached skill level 1 in Throwing
  2973 | D:5      | Reached skill level 1 in Stealth
  2973 | D:5      | Reached XP level 6. HP: 43/52 MP: 6/6
  2979 | D:5      | Mangled by an iguana

Illustrated notes

Levels and vault maps discovered:
D:1:      heliophobic_arrival_battle_scene, layout_basic,
          dreamdust_ecumenical_altar_statues
D:2:      layout_loops_ring, basic_altar, st_stairs_6, minmay_pentomino_p4,
          uniq_robin
D:3:      layout_basic, kiku_gazebo_pond_becter, serial_glass, glass_columns_a,
          glass_columns_a, glass_columns_b, glass_columns_b, glass_columns_b,
          glass_columns_b, glass_columns_a, glass_columns_b, glass_columns_a,
          glass_columns_b, glass_columns_b, glass_columns_b, glass_columns_a,
          glass_columns_c, uniq_ijyb
D:5:      minmay_chambers_of_fours, layout_loops_ring,
          nemelex_diamond_rough_becter, cheibrodos_sewer_entry_drain,
          nicolae_alphabet_shops, hangedman_abyss_or_decor_jellyfish_corner
D:6:      layout_basic, nicolae_elyvilon_temple_path,
          mainiacjoe_overflow_brackets, minmay_temple_entry_purple_smoke,
          gammafunk_ghost_hive

Skill      XL: |  1  2  3  4  5 |
---------------+----------------+-----
Dodging        | 3 |  3.6
Maces & Flails | 4 5 |  5.4
Fighting       | 4 |  4.0
Throwing       | 1 |  1.0
Stealth        | 1 |  1.1

Action                   |  1- 3 |  4- 6 || total
-------------------------+-------+-------++-------
Melee: Mace              |   117 |    39 ||   156
       Tailslap          |    14 |     2 ||    16
       Punch             |       |     1 ||     1
Throw: Dart              |     4 |     7 ||    11
Invok: Berserk           |       |     1 ||     1
  Use: Scroll            |     1 |     4 ||     5
 Stab: Sleeping          |     1 |       ||     1
Armor: Skin              |    41 |     8 ||    49
Dodge: Dodged            |   105 |    29 ||   134

Table legend: (Time is in decaauts)
 A = Elapsed time spent in this place.
 B = Non-inter-level travel time spent in this place.
 C = Inter-level travel time spent in this place.
 D = Time resting spent in this place.
 E = Time spent auto-exploring this place.
 F = Levels seen in this place.
 G = Mean time per level.
                   A        B        C        D        E       F      G
               +--------+--------+--------+--------+--------+-----+--------+
         Total |   3017 |   2764 |    253 |    711 |   1478 |   5 |  603.4 |
       Dungeon |   3017 |   2764 |    253 |    711 |   1478 |   5 |  603.4 |
               +--------+--------+--------+--------+--------+-----+--------+

Top non-repeatable levels by time:
     D:1: 1722 daAuts
     D:2: 747 daAuts
     D:5: 248 daAuts
     D:6: 225 daAuts
     D:3: 73 daAuts
